 Dungeon Crawl Stone Soup version 0.27.1-33-g824d729ab1 (webtiles) character file.

Game seed: 6956706581060748502

142 jlumianski the Skirmisher (level 5, -1/33 HPs)
             Began as a Gargoyle Monk on Dec 13, 2021.
             Slain by a goblin (4 damage)
             ... led by Robin
             ... on level 3 of the Dungeon.
             The game lasted 00:09:32 (1845 turns).

jlumianski the Skirmisher (Gargoyle Monk)           Turns: 1845, Time: 00:09:33

Health: -1/33      AC: 14    Str: 14 (16) XL:     5   Next: 24%
Magic:  0/5        EV:  4    Int:  7 (10) God:
Gold:   70         SH:  0    Dex:  9 (12) Spells: 4/4 levels left

rFire    + . .     SeeInvis .   p - +0 war axe
rCold    . . .     Faith    .   (no shield)
rNeg     + . .     Spirit   +   r - +0 plate armour
rPois    ∞         Reflect  .   (no helmet)
rElec    +         Harm     .   (no cloak)
rCorr    .         Rampage  .   (no gloves)
Will     .....                  (no boots)
Stlth    ..........             m - amulet of guardian spirit
HPRegen  0.11/turn              e - ring of protection from fire
MPRegen  0.09/turn              (no ring)

@: about to teleport, flying
A: sickness immunity, AC +4, negative energy resistance 1, electricity
resistance, torment resistance 1, petrification resistance
a: no special abilities


You were on level 3 of the Dungeon.
You visited 1 branch of the dungeon, and saw 3 of its levels.

You collected 70 gold pieces.

Inventory:

Hand Weapons
 a - a +0 hand axe
 d - a +1 vampiric dagger
 p - a +0 war axe (weapon)
 q - a +0 hunting sling
Missiles
 c - 11 poisoned darts (quivered)
 k - 29 stones
 o - 3 boomerangs
Armour
 b - a +0 robe
 g - a +0 leather armour
 i - a +0 ring mail
 r - a +0 plate armour (worn)
Jewellery
 e - a ring of protection from fire (left hand)
 m - an amulet of guardian spirit (around neck)
Scrolls
 s - a scroll of immolation {unknown}
Potions
 f - a potion of attraction
 j - a potion of haste
 l - a potion of flight


   Skills:
 + Level 4.1 Fighting
 + Level 3.9 Axes
 + Level 1.5 Armour
 + Level 3.0 Dodging
 + Level 2.5 Stealth


You had 4 spell levels left.
You didn't know any spells.
Your spell library contained the following spells:

 Spells                   Type           Power      Damage    Failure   Level
 Foxfire                  Conj/Fire      0%         2x1d4     100%        1
 Static Discharge         Conj/Air       0%         N/A       100%        2
 Conjure Flame            Conj/Fire      0%         6-21      100%        3
 Inner Flame              Hex/Fire       0%         N/A       100%        3
 Dispel Undead            Necr           0%         3d6       100%        4
 Sticky Flame             Conj/Fire      0%         2d3       100%        4


Dungeon Overview and Level Annotations

Branches:
Dungeon (3/15)

Altars:

Annotations:
D:3 Robin


Innate Abilities, Weirdness & Mutations

You are immune to sickness and miasma.
Your stone body is resilient. (AC +4)
You are immune to poison.
You resist negative energy. (rN+)
You are resistant to electric shocks. (rElec)
You are resistant to unholy torment.
You are immune to petrification.


Message History

You miss the goblin. You hit the goblin.
You kill the goblin!
The goblin barely misses you. Robin hits you but does no damage.
The goblin hits you but does no damage.
Robin roars a battlecry!
The goblin goes into a battle-frenzy!
You hit Robin.
Robin is severely wounded.
You hit the goblin. x2; The goblin hits you but does no damage.
The goblin hits you with a +0 dagger.
* * * LOW HITPOINT WARNING * * *
Robin hits you but does no damage. The goblin barely misses you.
The goblin hits you but does no damage.
You barely miss Robin.
Robin is severely wounded.
You barely miss the goblin. You slash the goblin!
You kill the goblin!
Robin hits you but does no damage. The goblin hits you but does no damage.
You completely miss Robin.
Robin is severely wounded.
You hit the goblin.
You kill the goblin!
Robin's bangles clink loudly.
Robin hits you with a +0 trident.
* * * LOW HITPOINT WARNING * * *
Robin throws the goblin at you!
It was a potion of degeneration.
There was something very wrong with that liquid.
You feel weakened.
You feel dopey.
You feel clumsy.
The goblin hits you but does no damage. x2
Robin roars a battlecry!
The goblin goes into a battle-frenzy!
As you read the scroll of teleportation, it crumbles to dust.
You feel strangely unstable. The goblin hits you with a +0 dagger.
* * * LOW HITPOINT WARNING * * *
The goblin hits you but does no damage. Robin hits you with a +0 trident.
* * * LOW HITPOINT WARNING * * *
Your plate armour prevents you from hitting the goblin. x2
You hit Robin. The goblin hits you with a +0 dagger.
You die...

#.. #......g.####
##
####.....########
##.#..##..g..#####
#.#.gg.g........#
#....g..##wg#####
####.#####..#
#.##g..g.#
#.##g##.##
#####.##@##.#
#.....##ggw.#
#.###.####### #g#
#.# ##. #.# ###
.... #.#
.....#.#####
........g...#
#######.....#


You could see Robin, a dart slug, a hobgoblin (strong) and 2 goblins.

Vanquished Creatures
  A scorpion (D:3)
  3 adders (D:3)
  A dart slug (D:3)
  3 ball pythons
  5 endoplasms
  11 goblins
  6 hobgoblins
  2 jackals (D:1)
  2 quokkas
  7 bats
  2 frilled lizards (D:1)
  2 kobolds
  3 rats
48 creatures vanquished.

Notes
Turn   | Place    | Note
-------+----------+-------------------------------------------
     0 | D:1      | jlumianski the Gargoyle Monk began the quest for the Orb.
     0 | D:1      | Reached XP level 1. HP: 14/14 MP: 1/1
   132 | D:1      | Reached XP level 2. HP: 10/19 MP: 2/2
   894 | D:1      | Reached XP level 3. HP: 22/24 MP: 3/3
  1541 | D:3      | Noticed a scorpion
  1545 | D:3      | Noticed Robin
  1598 | D:3      | Killed a scorpion
  1599 | D:3      | Reached skill level 4 in Fighting
  1599 | D:3      | Reached skill level 1 in Armour
  1599 | D:3      | Reached XP level 4. HP: 15/29 MP: 4/4
  1615 | D:3      | Reached XP level 5. HP: 12/33 MP: 2/5
  1845 | D:3      | Slain by a goblin

Illustrated notes

Levels and vault maps discovered:
D:1:      minmay_arrival_widening_spiral_wide, layout_loops_cross
D:2:      layout_rooms, kennysheep_generic_room_2
D:3:      layout_basic, lightli_sewer_entry_pipes, uniq_robin

Skill      XL: |  1  2  3 |
---------------+----------+-----
Axes           | 3 |  3.9
Fighting       | 4 |  4.1
Armour         | 1 |  1.5
Dodging        | 3 |  3.0
Stealth        | |  2.5

Action                   |  1- 3 |  4- 6 || total
-------------------------+-------+-------++-------
Melee: Hand axe          |    61 |       ||    61
       War axe           |    36 |    64 ||   100
  Use: Scroll            |     4 |     2 ||     6
       Potion            |       |     2 ||     2
 Stab: Sleeping          |     1 |       ||     1
Armor: Robe              |    20 |       ||    20
       Leather armour    |     3 |       ||     3
       Ring mail         |    23 |       ||    23
       Plate armour      |    29 |    84 ||   113
Dodge: Dodged            |    70 |    22 ||    92
